Unix NetHack Version 5.0.0-0 post-release - last build May 10 2026 23:12:36 (d1fa5d53e341ca933230fdaa984d921c805b60aa,branch:main).

Game began 2026-05-12 17:11:47, ended 2026-05-12 17:46:40.

ArrBianca, neutral female human Tourist

       -------------
       |............                                                      ----
       |...........|     ######### ###### #   ##                          |..|
       |..........<.#############   ######################################-.>|
       |...........|##        --.---.-----     #  ---------------#####    |..|
       -------------          |..........|        |.............-#        ----
                              |..........|      # ....h.........|
                              |..........| #u)####|.............|
                              |..........| @    ##-.............|
                              ...........|        ---------------
                              |..........|
                              ------------

ArrBianca the Sightseer     St:10 Dx:11 Co:18 In:13 Wi:8 Ch:15  Neutral
Dlvl:5  $:8  HP:0(32) Pw:15(15) AC:3  Xp:4 T:1721 

Latest messages:
 The pony bites!
 You hear bubbling water.
 What do you want to eat? [f or ?*] <esc>
 Never mind.
 What do you want to write with? [- aCP or ?*] -
 You write in the dust with your fingertip.
 What do you want to write in the dust here? Elbereth
 The pony turns to flee.
 The pony turns to flee.
 The pony turns to flee.
 The pony turns to flee.
 The pony turns to flee.
 You are in full health.
 a - 4 +2 darts (at the ready) (20 in total).
 What do you want to throw? [$a or ?*] <esc>
 Never mind.
 In what direction? l
 The dart hits it.
 In what direction? l
 The dart misses.
 In what direction? l
 The dart hits it.
 In what direction? l
 The dart misses.
 The pony kicks!
 The pony bites!
 In what direction? l
 The dart misses the pony.
 The pony kicks!
 The pony bites!
 The pony kicks!
 The pony misses!
 In what direction? l
 The dart hits the pony!
 The pony kicks!
 The pony bites!
 The pony kicks!
 The pony bites!
 What do you want to write with? [- aCP or ?*] -
 You write in the dust with your fingertip.
 What do you want to write in the dust here? Elbereth
 The pony kicks!
 The pony just misses!
 Something is written here in the dust.
 You read: "El|er?th".
 The pony kicks!
 You die...
 Do you want an account of creatures vanquished? [ynaq] (y) n
 Do you want to see your conduct and achievements? [ynq] (n) n
 Do you want to see the dungeon overview? [ynq] (y) y

Inventory:
 Coins    ('$')
  $ - 8 gold pieces
 Weapons  (')')
  a - 14 +2 darts (at the ready)
 Armor    ('[')
  w - an uncursed +0 orcish helm (being worn)
  n - an uncursed +0 Hawaiian shirt with a jellyfish motif (being worn)
  u - an uncursed +0 banded mail (being worn)
 Comestibles  ('%')
  f - 4 uncursed food rations
 Scrolls  ('?')
  F - an uncursed scroll of fire
  G - a blessed scroll of food detection
  i - a blessed scroll of magic mapping
 Potions  ('!')
  h - 3 uncursed potions of extra healing
  v - an uncursed potion of hallucination
  B - an uncursed potion of healing
  q - an uncursed potion of restore ability
 Wands    ('/')
  C - a wand of cold (0:7)
 Tools    ('(')
  m - an uncursed credit card
  l - an expensive camera (0:99)
  k - an uncursed skeleton key
  P - an uncursed towel

ArrBianca the Tourist's attributes:

Background:
 You were a Sightseer, a level 4 female human Tourist.
 You were neutral, nominally on a mission for The Lady
 who was opposed by Blind Io (lawful) and Offler (chaotic).
 You were right-handed.
 You were in the Dungeons of Doom, on level 5.
 You entered the dungeon 1721 turns ago.
 You had 104 experience points, 56 more were needed to attain level 5.

Basics:
 You had 0 out of 32 hit points.
 You had all 15 energy points (spell power).
 Your armor class was 3.
 Your wallet contained 8 zorkmids.
 Autopickup was on for '$?!/="+%' plus thrown, with exceptions.

Final Characteristics:
 Your strength was 10 (limit:18/100).
 Your dexterity was 11 (limit:18).
 Your constitution was 18 (limit:18).
 Your intelligence was 13 (limit:18).
 Your wisdom was 8 (limit:18).
 Your charisma was 15 (limit:18).

Final Status:
 You weren't hungry.
 You were unencumbered.
 You were bare handed.
 You had basic skill with bare handed combat.

Final Attributes:
 You were devoutly aligned.
 You were telepathic.
 You were warded.
 Your spell casting was impaired by metallic armor.
 You are dead.

Miscellaneous:
 You didn't encounter any bones levels.
 Total elapsed playing time was 25 minutes and 36 seconds.

Major events:
 Turn
    1: ArrBianca the neutral female human Tourist entered the dungeon
  455: attained the rank of Sightseer (level 3)
 1721: killed by a pony

Spells:
 Name                 Level Category     Fail Retention
 confuse monster        1   enchantment  100%  76%-100%
 charm monster          5   enchantment  100%  76%-100%

Skills:
 Fighting Skills
   bare handed combat [Basic]
   two weapon combat  [Unskilled]
   riding             [Unskilled]
 Weapon Skills
   dagger             [Unskilled]
   knife              [Unskilled]
   axe                [Unskilled]
   pick-axe           [Unskilled]
   short sword        [Unskilled]
   broadsword         [Unskilled]
   long sword         [Unskilled]
   two-handed sword   [Unskilled]
   saber              [Unskilled]
   mace               [Unskilled]
   morning star       [Unskilled]
   flail              [Unskilled]
   hammer             [Unskilled]
   quarterstaff       [Unskilled]
   polearms           [Unskilled]
   spear              [Unskilled]
   trident            [Unskilled]
   lance              [Unskilled]
   bow                [Unskilled]
   sling              [Unskilled]
   crossbow           [Unskilled]
   dart               [Basic]
   shuriken           [Unskilled]
   boomerang          [Unskilled]
   whip               [Unskilled]
   unicorn horn       [Unskilled]
 Spellcasting Skills
   divination spells  [Unskilled]
   enchantment spells [Unskilled]
   escape spells      [Unskilled]

Voluntary challenges:
 Character rerolling was not enabled.
 You were an atheist.
 You never hit with a wielded weapon.
 You never genocided any monsters.
 You never polymorphed an object.
 You never changed form.
 You used no wishes.
Achievement:
 You attained the rank of Sightseer.

 The Dungeons of Doom: levels 1 to 5
    Level 1:
       A fountain.
    Level 2:
    Level 3:
       Some fountains.
    Level 4: "Stash"
       An altar to The Lady, a fountain, a sink.
    Level 5: <- You were here.
       Final resting place for
          you, killed by a pony.


Vanquished creatures:
  a floating eye
 an iguana
  a coyote
  a hobbit
  a green mold
  a red mold
  a gecko
  4 jackals
  a fox
  2 kobolds
  4 goblins
  a sewer rat
 11 grid bugs
  3 lichens
  4 newts
37 creatures vanquished.

No species were genocided or became extinct.

Game over:
                       ----------
                      /          \
                     /    REST    \
                    /      IN      \
                   /     PEACE      \
                  /                  \
                  |    ArrBianca     |
                  |       8 Au       |
                  | killed by a pony |
                  |                  |
                  |                  |
                  |                  |
                  |       2026       |
                 *|     *  *  *      | *
        _________)/\\_//(\/(/\)/\//\/|_)_______

Aloha ArrBianca the Tourist...

You died in The Dungeons of Doom on dungeon level 5 with 656 points,
and 8 pieces of gold, after 1721 moves.
You were level 4 with a maximum of 32 hit points when you died.

